cohdb
Replays
Latest Replays
All Replays
Popular Replays
Top Player Replays
Match Explorer
How It Works
Community
CoH3 Stats
Reddit
Sign in to upload your games and track your stats! →
Sign in with Steam
Match 42470087
Unlisted
Match 42470087
Overview
Messages
Build Orders
End
Engineer Squad
Construct Barracks
1⁄4-ton 4x4 Truck
Riflemen Squad
M1 Mortar Team
Infantry Support Center
Riflemen Squad
M1918 Browning Automatic Rifles
Selects Advanced Infantry Battlegroup
Selects Convert to Ranger Squad
Construct Medical Station
Construct Motor Pool
Grenade Package
Selects Designate Assault Position
Selects Ranger Weapon Training
Convert to Ranger Squad
Advanced Logistics
Selects Artillery Observers
M8 Greyhound Armored Car
M1 Anti-tank Gun Team
Mortar Pit
M8 Greyhound Armored Car
Convert to Ranger Squad
Selects M2A1 105mm Howitzer Emplacement
Selects 155mm Rapid Artillery Barrage
MonoChrome
gr8vibezZ
entalp99
Balerion
0
0
Comments
sign in to comment!
No comments posted yet!